 Dungeon Crawl Stone Soup version 0.29-a0-284-gf9362112df (webtiles) character file.

Game seed: 1049830754382854256

2823 NotOkHand the Slasher (level 9, -8/68 HPs)
             Began as a Demonspawn Gladiator on Mar 18, 2022.
             Was a Priest of Dithmenos.
             Mangled by a kobold brigand
             ... wielding a +1 short sword of distortion
              (16 damage)
             ... on level 6 of the Dungeon.
             The game lasted 00:45:10 (3923 turns).

NotOkHand the Slasher (Demonspawn Gladiator)        Turns: 3923, Time: 00:45:11

Health: -8/68      AC: 28    Str: 16    XL:     9   Next: 45%
Magic:  9/9        EV:  2    Int: 12    God:    Dithmenos [***...]
Gold:   226        SH:  4    Dex: 14    Spells: 8/8 levels left

rFire   . . .      SeeInvis .   y - +10 falchion of Watchfulness {flame, rPois rC+++ Dex-4 Stlth+}
rCold   + + +      Faith    .   (no shield)
rNeg    . . .      Spirit   .   q - +8 orange crystal plate armour {Archmagi, Int+3 Clar}
rPois   +          Reflect  .   c - +0 helmet
rElec   .          Harm     .   (no cloak)
rCorr   .          Rampage  .   i - +0 pair of gloves
Will    .....      Archmagi +   x - +0 pair of boots
Stlth   .......... Clarity  +   (no amulet)
HPRegen 0.21/turn               g - ring of flight
MPRegen 0.11/turn               u - ring of poison resistance

@: flying, wreathed by umbra
A: hooves 2, powered by death 3, condensation shield, cold resistance 2
a: Renounce Religion, Shadow Step


You were on level 6 of the Dungeon.
You worshipped Dithmenos.
Dithmenos was most pleased with you.
You visited 2 branches of the dungeon, and saw 7 of its levels.

You collected 226 gold pieces.

Inventory:

Hand Weapons
 a - a +0 war axe
 f - a +0 hand crossbow
 k - a +0 long sword
 n - a +2 short sword of distortion
 r - a +0 falchion
 t - a +0 flail
 v - a +4 spear
 y - the +10 falchion of Watchfulness (weapon) {flame, rPois rC+++ Dex-4 Stlth+}
   (You found it on level 4 of the Dungeon)

   It burns those it strikes, dealing additional fire damage.
   Big, fiery blades are also staple armaments of hydra-hunters.
   Dex:       It affects your dexterity (-4).
   rC:        It renders you almost immune to cold.
   rPois:     It protects you from poison.
   Stlth:     It makes you more stealthy.
 z - a +2 quarterstaff of chaos
 B - a +0 scythe
 I - a +0 vorpal dire flail
 K - a +2 rapier of chaos
Missiles
 d - 5 throwing nets (quivered)
 e - 7 javelins
 j - 9 boomerangs
 p - 18 poisoned darts
 E - 5 silver javelins
Armour
 b - a +0 leather armour
 c - a +0 helmet (worn)
 h - a +0 ring mail
 i - a +0 pair of gloves (worn)
 m - a +0 robe
 o - a +0 plate armour
 q - the +8 orange crystal plate armour (worn) {Archmagi, Int+3 Clar}
   (You acquired it on level 3 of the Dungeon)

   Int:       It affects your intelligence (+3).
   Clar:      It protects you against confusion.
 w - the +0 leather armour of Grim Intercession {*Slow Str+3 Dex+4 Slay+3}
   (You found it on level 4 of the Dungeon)

   Str:       It affects your strength (+3).
   Dex:       It affects your dexterity (+4).
   Slay:      It affects your accuracy & damage with ranged weapons and melee
   (+3).
   *Slow:     It may slow you when you take damage.
 x - a +0 pair of boots (worn)
Jewellery
 g - a ring of flight (left hand)
 u - a ring of poison resistance (right hand)
Wands
 L - a wand of iceblast (4)
Scrolls
 C - 2 scrolls of vulnerability
 D - a scroll of immolation
 F - a scroll of holy word {unknown}
 J - a scroll of identify
Potions
 s - a potion of ambrosia {unknown}
 A - a potion of heal wounds {unknown}
 G - a potion of lignification {unknown}
 H - a potion of flight {unknown}


   Skills:
 + Level 5.3 Fighting
 + Level 7.2 Long Blades
 + Level 5.0(5.3) Axes
 + Level 2.3(4.0) Polearms
 + Level 1.8 Throwing
 + Level 5.0 Armour
 + Level 3.4 Dodging
 + Level 0.8 Stealth
 + Level 2.6 Shields


You had 8 spell levels left.
You didn't know any spells.
Your spell library contained the following spells:

 Spells                   Type           Power      Damage    Failure   Level
 Freeze                   Ice            0%         1d3       100%        1
 Frozen Ramparts          Ice            0%         1d2       100%        3
 Hailstorm                Conj/Ice       0%         3d3       100%        4


Dungeon Overview and Level Annotations

Branches:
Dungeon (6/15)             Temple (1/1) D:6

Altars:
Cheibriados
Dithmenos
Fedhas
Hepliaklqana
Kikubaaqudgha
Okawaru
Sif Muna
Trog
Xom
Zin

Shops:
D:1 =


Innate Abilities, Weirdness & Mutations

You have hoof-like feet.
You regenerate a lot of health from kills.
A meltable shield of frost defends you. (SH +4)
Your flesh is very cold resistant. (rC++)


Message History

You closely miss the kobold brigand.
The kobold brigand is moderately wounded.
The kobold brigand hits you with a +1 short sword of distortion.
You closely miss the kobold brigand.
The kobold brigand is moderately wounded.
The kobold brigand hits you but does no damage.
Space warps horribly around you!!
You hit the kobold brigand. You burn the kobold brigand.
The kobold brigand is heavily wounded.
The kobold brigand hits you but does no damage.
You blink.
The kobold brigand hits you but does no damage.
You blink.
You hit the kobold brigand. You burn the kobold brigand.
The kobold brigand is almost dead.
The kobold brigand hits you but does no damage.
Space warps around you.
You barely miss the kobold brigand.
The kobold brigand is almost dead.
The kobold brigand hits you but does no damage.
Space warps horribly around you!
* * * LOW HITPOINT WARNING * * *
You barely miss the kobold brigand.
The kobold brigand is almost dead.
You closely miss the kobold brigand.
The kobold brigand is almost dead.
The kobold brigand hits you but does no damage.
Space warps horribly around you!
* * * LOW HITPOINT WARNING * * *
You feel better.
The kobold brigand hits you with a +1 short sword of distortion.
* * * LOW HITPOINT WARNING * * *
Space warps around you.
* * * LOW HITPOINT WARNING * * *
You hit the kobold brigand but do no damage.
The kobold brigand is almost dead.
The kobold brigand hits you with a +1 short sword of distortion.
* * * LOW HITPOINT WARNING * * *
Space warps horribly around you!
You die...

##................#
#.................#
#................##
#................#
#................#
#................#
##..........)...##
# #.........()...#
# ###...........@##
# ###........K#.###
#
###..#####....#####
####.⌠.##.......#
#.#.#.#...##...
...#..'...# #
#?.....'...#
#$..#..'...#
##.#.#.#)#.#


You could see a kobold brigand.

Vanquished Creatures
  The ghost of IdlyInterested the Skirmisher, a novice DjGl (D:6)
  A kobold demonologist (D:6)
  Sigmund (D:5)
  Eustachio (D:6)
  Edmund (D:6)
  An orc warrior (D:6)
  A black bear (D:6)
  An ice beast (D:6)
  A sky beast (D:6)
  A centaur (D:6)
  A phantom (D:5)
  Blork the orc (D:4)
  6 kobold brigands (D:6)
  A necrophage (D:4)
  3 scorpions
  A jelly (D:6)
  3 hounds
  Crazy Yiuf (D:4)
  2 orc priests (D:6)
  Jessica (D:2)
  2 iguanas (D:6)
  Natasha (D:2)
  An orc wizard (D:2)
  5 adders
  An ufetubus (D:5)
  2 worms
  A dart slug (D:2)
  14 orcs
  4 ball pythons
  5 endoplasms
  4 goblins
  7 hobgoblins
  6 jackals
  A kobold (D:1)
  4 quokkas
  6 bats
  3 frilled lizards (D:1)
  3 rats
100 creatures vanquished.

Vanquished Creatures (others)
  A fungus (D:4)
1 creature vanquished.

Grand Total: 101 creatures vanquished

Notes
Turn   | Place    | Note
-------+----------+-------------------------------------------
     0 | D:1      | NotOkHand the Demonspawn Gladiator began the quest for the
                  | Orb.
     0 | D:1      | Reached XP level 1. HP: 16/16 MP: 1/1
   289 | D:1      | Gained mutation: A meltable shield of frost defends you.
                  | (SH +4) [demonic ancestry]
   289 | D:1      | Reached XP level 2. HP: 14/22 MP: 2/2
   405 | D:1      | Found Guifad's Jewellery Emporium.
   800 | D:2      | Gained mutation: You have large cloven feet. [demonic
                  | ancestry]
   800 | D:2      | Reached XP level 3. HP: 18/27 MP: 3/3
   953 | D:2      | Reached skill level 1 in Armour
  1042 | D:2      | Found a faded altar of an unknown god.
  1042 | D:2      | Noticed Natasha
  1049 | D:2      | Killed Natasha
  1050 | D:2      | Gained mutation: You have hoof-like feet. [demonic
                  | ancestry]
  1050 | D:2      | Reached XP level 4. HP: 30/33 MP: 4/4
  1059 | D:2      | Prayed at the altar of an unknown god.
  1059 | D:2      | Became a worshipper of Dithmenos the Shadowed
  1059 | D:2      | Reached * piety under Dithmenos
  1259 | D:2      | Noticed Jessica
  1268 | D:2      | Killed Jessica
  1397 | D:3      | Reached XP level 5. HP: 39/39 MP: 5/5
  1627 | D:3      | Identified a scroll of acquirement
  1627 | D:3      | Acquired the +8 orange crystal plate armour {Archmagi,
                  | Int+3 Clar}
  1627 | D:3      | Found the +8 orange crystal plate armour {Archmagi, Int+3
                  | Clar}
  1844 | D:3      | Found an iron altar of Okawaru.
  2140 | D:4      | Identified the +0 leather armour of Grim Intercession
                  | {*Slow Str+3 Dex+4 Slay+3}
  2367 | D:4      | Reached ** piety under Dithmenos
  2368 | D:4      | Gained mutation: You regenerate a little health from kills.
                  | [demonic ancestry]
  2368 | D:4      | Reached XP level 6. HP: 39/46 MP: 6/6
  2420 | D:4      | Identified the +10 falchion of Watchfulness {flame, rPois
                  | rC+++ Dex-4 Stlth+}
  2472 | D:4      | Found a runed translucent door.
  2473 | D:4      | Noticed Crazy Yiuf
  2479 | D:4      | Killed Crazy Yiuf
  2480 | D:4      | Reached skill level 1 in Shields
  2608 | D:4      | Found a snail-covered altar of Cheibriados.
  2618 | D:4      | Noticed Blork the orc
  2628 | D:4      | Killed Blork the orc
  2629 | D:4      | Reached skill level 1 in Polearms
  2861 | D:5      | Entered Level 5 of the Dungeon
  2953 | D:5      | Noticed Sigmund
  2960 | D:5      | Reached skill level 1 in Long Blades
  2960 | D:5      | Gained mutation: You regenerate health from kills. [demonic
                  | ancestry]
  2960 | D:5      | Reached XP level 7. HP: 52/52 MP: 7/7
  2967 | D:5      | Killed Sigmund
  2968 | D:5      | Reached skill level 5 in Axes
  3084 | D:5      | Reached skill level 2 in Long Blades
  3084 | D:5      | Gained mutation: Your flesh is cold resistant. (rC+)
                  | [potion of mutation]
  3084 | D:5      | Gained mutation: Your flesh is very cold resistant. (rC++)
                  | [potion of mutation]
  3508 | D:6      | Found a staircase to the Ecumenical Temple.
  3514 | Temple   | Entered the Ecumenical Temple
  3591 | D:6      | Noticed Edmund
  3603 | D:6      | Killed Edmund
  3604 | D:6      | Reached skill level 3 in Long Blades
  3604 | D:6      | Reached XP level 8. HP: 46/60 MP: 8/8
  3692 | D:6      | Reached skill level 4 in Long Blades
  3754 | D:6      | Noticed Eustachio
  3767 | D:6      | Reached skill level 5 in Long Blades
  3793 | D:6      | Killed Eustachio
  3838 | D:6      | Found a runed translucent gate.
  3838 | D:6      | Found a runed translucent gate.
  3838 | D:6      | Found a runed translucent gate.
  3839 | D:6      | Noticed IdlyInterested's ghost (novice DjGl)
  3839 | D:6      | Noticed a kobold demonologist
  3851 | D:6      | Noticed an ice devil
  3856 | D:6      | Noticed a hellwing
  3858 | D:6      | Killed a kobold demonologist
  3859 | D:6      | Reached skill level 6 in Long Blades
  3859 | D:6      | Gained mutation: You regenerate a lot of health from kills.
                  | [demonic ancestry]
  3859 | D:6      | Reached XP level 9. HP: 67/67 MP: 9/9
  3871 | D:6      | Reached *** piety under Dithmenos
  3874 | D:6      | Reached skill level 5 in Fighting
  3910 | D:6      | Killed IdlyInterested's ghost
  3911 | D:6      | Reached skill level 7 in Long Blades
  3911 | D:6      | Reached skill level 5 in Armour
  3923 | D:6      | Mangled by a kobold brigand

Illustrated notes

Levels and vault maps discovered:
D:1:      lightli_arrival_chessboard, layout_basic, serial_shops, shop
D:2:      layout_rooms, hellmonk_ecumenical_altar_lost_god, uniq_jessica,
          uniq_natasha
D:3:      layout_basic, okawaru_gym_becter
D:4:      layout_cave_pods, general_overflow_altar, uniq_crazy_yiuf_cottage,
          uniq_blork_the_orc
D:5:      layout_loops_ring, sigmund_army, uniq_sigmund
D:6:      layout_cave_pods, minmay_temple_entry_hall,
          gammafunk_ghost_nasty_kobolds, uniq_eustachio, uniq_edmund
Temple:   eino_temple_scatter_basement

Skill      XL: |  1  2  3  4  5  6  7  8  9 |
---------------+----------------------------+-----
Dodging        | 3 |  3.4
Axes           | 3 4 5 |  5.0
Armour         | 1 2 3 4 5 |  5.0
Shields        | 1 2 |  2.6
Polearms       | 1 2 |  2.3
Fighting       | 3 4 5 |  5.3
Long Blades    | 1 3 6 7 |  7.2
Throwing       | |  1.8
Stealth        | |  0.8

Action                   |  1- 3 |  4- 6 |  7- 9 || total
-------------------------+-------+-------+-------++-------
Melee: War axe           |    79 |    36 |       ||   115
       Kick              |     8 |    27 |     2 ||    37
       Spear             |       |    40 |       ||    40
       Falchion          |       |    23 |   144 ||   167
       Punch             |       |       |     3 ||     3
  Use: Scroll            |     1 |     5 |     4 ||    10
       Potion            |     1 |     1 |     6 ||     8
 Stab: Sleeping          |     1 |       |       ||     1
       Invisible         |       |       |     1 ||     1
Armor: Leather armour    |     6 |       |       ||     6
       Ring mail         |    28 |     2 |       ||    30
       Plate armour      |       |    23 |       ||    23
       Crystal plate arm |       |    59 |   187 ||   246
Dodge: Dodged            |    77 |    17 |    10 ||   104
Block: Other             |     6 |    11 |    26 ||    43

Table legend: (Time is in decaauts)
 A = Elapsed time spent in this place.
 B = Non-inter-level travel time spent in this place.
 C = Inter-level travel time spent in this place.
 D = Time resting spent in this place.
 E = Time spent auto-exploring this place.
 F = Levels seen in this place.
 G = Mean time per level.
                   A        B        C        D        E       F      G
               +--------+--------+--------+--------+--------+-----+--------+
         Total |   3995 |   1487 |   2508 |      0 |      0 |   7 |  570.7 |
       Dungeon |   3935 |   1484 |   2451 |      0 |      0 |   6 |  655.8 |
        Temple |     59 |      2 |     57 |      0 |      0 |   1 |   59.0 |
               +--------+--------+--------+--------+--------+-----+--------+

Top non-repeatable levels by time:
     D:1: 793 daAuts
     D:4: 776 daAuts
     D:3: 712 daAuts
     D:2: 615 daAuts
     D:6: 591 daAuts
     D:5: 446 daAuts
  Temple: 59 daAuts
